 Dungeon Crawl Stone Soup version 0.30-a0-576-g89cddaab80 (webtiles) character file.

Game seed: 15992405213925265190

3135 themarg the Martial Artist (level 9, -1/72 HPs)
             Began as a Gnoll Transmuter on Dec 30, 2022.
             Was a Priest of Ashenzari.
             Slain by a wight
             ... wielding a +0 halberd
              (6 damage)
             ... on level 8 of the Dungeon on Dec 31, 2022.
             The game lasted 00:23:58 (7116 turns).

themarg the Martial Artist (Gnoll Transmuter)       Turns: 7116, Time: 00:23:59

Health: -1/72      AC:  2    Str: 10    XL:     9   Next: 92%
Magic:  19/21      EV: 24    Int: 16    God:    Ashenzari [***...]
Gold:   514        SH:  0    Dex: 18    Spells: 16/25 levels left

rFire   . . .      SeeInvis +      - Unarmed
rCold   + . .      Faith    .    (shield currently unavailable)
rNeg    . . .      Spirit   .    (body armour currently unavailable)
rPois   x          Reflect  .    (helmet currently unavailable)
rElec   .          Harm     .    (cloak currently unavailable)
rCorr   .          Rampage  .    (gloves currently unavailable)
Will    .....      Clarity  +    (boots currently unavailable)
Stlth   +++                      (no amulet)
HPRegen 0.32/turn                v - ring of Curses and Power {rC+, Alch, Self} (curse)
MPRegen 0.17/turn                (no ring)

@: about to teleport, spider-form
A: venomous fangs, tiny, (fangs 1), strong nose, distributed training
a: End Transformation, Renounce Religion, Curse Item, Shatter the Chains


You were on level 8 of the Dungeon.
You worshipped Ashenzari.
Ashenzari was most pleased with you.
You were a venomous arachnid creature.
You visited 1 branch of the dungeon, and saw 8 of its levels.
You also visited: Ossuary and Bailey.

You collected 514 gold pieces.

Inventory:

Hand Weapons
 t - a +1 mace of draining
 x - the cursed +10 glaive "Chained Together" (melded) {flame, Int+4 Dex+7, Range, Alch}
   (You found it on level 4 of the Dungeon)

   It burns those it strikes, dealing additional fire damage.
   Big, fiery blades are also staple armaments of hydra-hunters.
   Int:       It affects your intelligence (+4).
   Dex:       It affects your dexterity (+7).
   It has a curse which improves the following skills: Ranged Combat: Ranged
   Weapons and Throwing.
   Alchemy:   Poison Magic and Transmutations.
 Q - a +0 war axe of flaming
Missiles
 c - 50 stones (quivered)
 i - 32 poisoned darts
 I - 5 curare-tipped darts
 M - 19 boomerangs
 N - 4 datura-tipped darts
 O - 4 atropa-tipped darts
Armour
 a - the cursed +0 robe "Idealism of Ashenzari" (melded) {Bglg, Alch}

   It has a curse which improves the following skills: Beguiling: Conjurations,
   Hexes and Translocations.
   Alchemy:   Poison Magic and Transmutations.
 p - the cursed +2 cloak "Cursed Flawed Execution" (melded) {Self, Alch}
   (You found it on level 2 of the Dungeon)

   It has a curse which improves the following skills: Introspection: Fighting
   and Spellcasting.
   Alchemy:   Poison Magic and Transmutations.
 E - the +0 leather armour of Lies {Rampage Int+2}
   (You found it on level 5 of the Dungeon)

   Int:       It affects your intelligence (+2).
   Rampage:   It bestows one free step when moving towards enemies.
 J - a +0 buckler
Magical Staves
 F - a staff of air
 G - a staff of conjuration
Jewellery
 v - the cursed ring of Curses and Power (left front leg) {rC+, Alch, Self}
   (You found it on level 3 of the Dungeon)

   [ring of protection from cold]

   rC:        It protects you from cold.
   It has a curse which improves the following skills: Alchemy: Poison Magic and
   Transmutations.
   Introspection: Fighting and Spellcasting.
 K - a ring of protection from cold
 P - a ring of protection from fire
Wands
 n - a wand of flame (24)
 w - a wand of paralysis (9)
Scrolls
 d - a scroll of brand weapon
 e - 2 scrolls of poison
 f - a scroll of fear
 g - 2 scrolls of amnesia
 h - 4 scrolls of enchant weapon
 k - 4 scrolls of teleportation
 y - 2 scrolls of blinking
 A - 2 scrolls of fog
 C - a scroll of torment
 H - a scroll of silence
Potions
 b - a potion of lignification
 j - a potion of might
 l - 3 potions of haste
 m - 4 potions of curing
 o - 3 potions of attraction
 q - a potion of cancellation
 r - a potion of magic
 s - 2 potions of heal wounds
 u - a potion of invisibility
 z - a potion of degeneration
 B - 7 potions of brilliance
 D - 3 potions of flight
 L - a potion of berserk rage


   Skills:
 + Level 5.6(7.2) Fighting
 + Level 4.9 Short Blades
 + Level 4.9 Long Blades
 + Level 4.9 Axes
 + Level 4.9 Maces & Flails
 + Level 4.9 Polearms
 + Level 4.9 Staves
 + Level 4.9 Ranged Weapons
 + Level 4.9 Throwing
 + Level 4.9 Armour
 + Level 6.8 Dodging
 + Level 4.9 Stealth
 + Level 4.9 Shields
 + Level 8.2 Unarmed Combat
 + Level 7.1(8.7) Spellcasting
 + Level 4.0 Conjurations
 + Level 4.0 Hexes
 + Level 4.0 Summonings
 + Level 4.0 Necromancy
 + Level 4.0 Translocations
 + Level 5.6(7.2) Transmutations
 + Level 4.0 Fire Magic
 + Level 4.0 Ice Magic
 + Level 4.0 Air Magic
 + Level 4.0 Earth Magic
 + Level 4.0(5.5) Poison Magic
 + Level 5.3 Invocations
 + Level 4.9 Evocations


You had 16 spell levels left.
You knew the following spells:

 Your Spells              Type           Power      Damage    Failure   Level
a - Beastly Appendage     Tmut           60%        N/A       3%          1
b - Wereblood             Tmut           30%        N/A       4%          2
c - Spider Form           Tmut/Pois      27%        N/A       9%          3
d - Mephitic Cloud        Conj/Pois/Air  21%        N/A       14%         3

Your spell library contained the following spells:

 Spells                   Type           Power      Damage    Failure   Level
 Summon Small Mammal      Summ           80%        N/A       8%          1
 Cigotuvi's Dreadful Rot  Necr/Pois/Air  42%        N/A       9%          2
 Poisonous Vapours        Pois/Air       44%        N/A       9%          2
 Call Canine Familiar     Summ           20%        N/A       17%         3
 Dazzling Flash           Conj/Hex       40%        N/A       17%         3
 Portal Projectile        Hex/Tloc       40%        N/A       17%         3
 Summon Guardian Golem    Hex/Summ       20%        N/A       17%         3
 Ice Form                 Ice/Tmut       25%        N/A       24%         4
 Iskenderun's Mystic Bla  Conj/Tloc      20%        2d6       38%         4
 Leda's Liquefaction      Hex/Erth       10%        N/A       38%         4
 Freezing Cloud           Conj/Ice/Air   10%        6-21      69%         5
 Simulacrum               Ice/Necr       10%        N/A       99%         6
 Starburst                Conj/Fire      10%        6d5       99%         6
 Polar Vortex             Ice            10%        N/A       100%        9


Dungeon Overview and Level Annotations

Branches:
Dungeon (8/15)             Temple (0/1) D:6         Ossuary (visited)
 Bailey (visited)
   Lair: D:8-11

Altars:
Ashenzari
Dithmenos
Hepliaklqana
Vehumet
Yredelemnul
Zin
The Shining One

Shops:
D:7 =

Annotations:
D:6 3 runed translucent doors, Taurus's ghost, weakling MiFi
D:7 exclusion: statue


Innate Abilities, Weirdness & Mutations

You are a venomous arachnid creature.
You have poisonous fangs.
You are tiny and dextrous.
Your spellcasting is less reliable in this form.
Your armour is entirely melded.
You are incapable of wielding weapons or throwing items.
((You have very sharp teeth.))
Your uncanny sense of smell can sniff out nearby items.
Your experience applies equally to all skills.


Message History

The jelly quivers.
You hit the yak but do no damage.
The yak looks as sick as possible!
The yak is lightly wounded.
The yak completely misses you. The wight misses you.
The wight hits you from afar with a +4 spear!
You feel drained.
You bite the yak!
The yak looks as sick as possible!
The yak is heavily wounded.
The yak gores you! The wight misses you.
The wight hits you from afar with a +4 spear!
* * * LOW HITPOINT WARNING * * *
As you read the scroll of teleportation, it crumbles to dust.
You feel strangely unstable. The yak misses you. The yak closely misses you.
The wight barely misses you. The wight completely misses you.
You hit the yak.
The yak looks as sick as possible!
The yak is severely wounded.
You hit the yak but do no damage.
The yak looks as sick as possible!
The yak is severely wounded.
The yak completely misses you. The yak misses you. The wight misses you.
The wight hits you from afar with a +4 spear!
* * * LOW HITPOINT WARNING * * *
You bite the yak!
The yak looks as sick as possible!
The yak is almost dead.
Your transformation has ended.
The cursed +10 glaive "Chained Together" {flame, Int+4 Dex+7, Range, Alch} unmelds from your body.
The cursed +2 cloak "Cursed Flawed Execution" {Self, Alch} unmelds from your body.
The cursed +0 robe "Idealism of Ashenzari" {Bglg, Alch} unmelds from your body.
The cursed +10 glaive "Chained Together" {flame, Int+4 Dex+7, Range, Alch} bursts into flame!
You kill the yak!
The yak misses you. The wight hits you but does no damage.
The wight closely misses you.
Your life force feels restored.
You turn into a venomous arachnid creature.
The cursed +10 glaive "Chained Together" {flame, Int+4 Dex+7, Range, Alch} melds into your body.
The cursed +2 cloak "Cursed Flawed Execution" {Self, Alch} melds into your body.
The cursed +0 robe "Idealism of Ashenzari" {Bglg, Alch} melds into your body.
The cursed +10 glaive "Chained Together" {flame, Int+4 Dex+7, Range, Alch} stops flaming.
The yak completely misses you. The yak barely misses you.
The wight hits you from afar with a +0 halberd.
You die...

* #.......#.....~≈#.∩#~.
..............~≈÷÷.#~. ,
,,.....##.......~~'[.#~.
, ..............≈≈'..#~.
, ........#.....~≈#.>#~.
* *##........~≈####≈. *
#.z#......~~~≈~~
#.###?.......... * #s#
#.##.........
#.YY#*#......######
#.#Yz{.z.#..... *
#..Y.J{......... ∆, ,.
.............. , , *
##.......z..,.... , , ,
..........J , , *
#......... , , ,, , , ,,
,


You could see 4 yaks, a jelly and 2 wights.

Vanquished Creatures
  A yak (D:8)
  A wyvern (D:4)
  4 orc warriors (Bailey)
  An ice beast (D:6)
  A sky beast (D:7)
  3 elf zombies (D:4)
  7 kobold brigands
  A phantom (D:4)
  2 scorpions
  A bullfrog (D:8)
  2 elf skeletons (D:4)
  8 wights
  A howler monkey (D:4)
  A jelly (D:5)
  3 hounds
  2 human skeletons (D:4)
  4 human zombies
  4 iguanas
  Terence (D:2)
  4 orc wizards
  2 mummies (Ossuary)
  3 gnolls (D:6)
  9 adders
  A shadow imp (D:5)
  An ufetubus (D:5)
  2 adder zombies (Ossuary)
  3 worms (D:3)
  11 orcs
  6 ball pythons
  5 endoplasms
  5 giant cockroaches
  9 hobgoblins
  2 quokkas (D:4)
  3 bats
  3 frilled lizards
  10 goblins
  2 goblin zombies (Ossuary)
  10 hobgoblin zombies (Ossuary)
  A jackal zombie (Ossuary)
  19 kobolds
  11 kobold zombies (Ossuary)
  2 orc skeletons (D:4)
  7 orc zombies
  2 rats (D:1)
  A rat zombie (Ossuary)
182 creatures vanquished.

Notes
Turn   | Place    | Note
-------+----------+-------------------------------------------
     0 | D:1      | themarg the Gnoll Transmuter began the quest for the Orb.
     0 | D:1      | Reached XP level 1. HP: 17/17 MP: 6/6
   247 | D:1      | Reached XP level 2. HP: 19/23 MP: 7/7
   274 | D:1      | Learned a level 2 spell: Wereblood
   721 | D:1      | Reached skill level 5 in Spellcasting
   721 | D:1      | Reached XP level 3. HP: 26/28 MP: 6/9
   891 | D:1      | Learned a level 3 spell: Spider Form
   984 | D:2      | Noticed Terence
   993 | D:2      | Killed Terence
   994 | D:2      | Reached skill level 1 in Short Blades
   994 | D:2      | Reached skill level 1 in Long Blades
   994 | D:2      | Reached skill level 1 in Axes
   994 | D:2      | Reached skill level 1 in Maces & Flails
   994 | D:2      | Reached skill level 1 in Polearms
   994 | D:2      | Reached skill level 1 in Staves
   994 | D:2      | Reached skill level 1 in Ranged Weapons
   994 | D:2      | Reached skill level 1 in Throwing
   994 | D:2      | Reached skill level 1 in Armour
   994 | D:2      | Reached skill level 1 in Stealth
   994 | D:2      | Reached skill level 1 in Shields
   994 | D:2      | Reached skill level 1 in Invocations
   994 | D:2      | Reached skill level 1 in Evocations
  1459 | D:2      | Reached XP level 4. HP: 34/34 MP: 7/11
  1564 | D:3      | Reached skill level 1 in Conjurations
  1564 | D:3      | Reached skill level 1 in Hexes
  1564 | D:3      | Reached skill level 1 in Summonings
  1564 | D:3      | Reached skill level 1 in Necromancy
  1564 | D:3      | Reached skill level 1 in Translocations
  1564 | D:3      | Reached skill level 1 in Fire Magic
  1564 | D:3      | Reached skill level 1 in Ice Magic
  1564 | D:3      | Reached skill level 1 in Air Magic
  1564 | D:3      | Reached skill level 1 in Earth Magic
  1564 | D:3      | Reached skill level 1 in Poison Magic
  2007 | D:3      | Found a broken altar of Ashenzari.
  2081 | D:3      | Reached XP level 5. HP: 35/40 MP: 8/12
  2275 | D:3      | Became a worshipper of Ashenzari the Shackled
  2315 | D:3      | Found a faded altar of an unknown god.
  2899 | D:4      | Reached XP level 6. HP: 45/47 MP: 11/13
  2921 | D:4      | Identified the +10 glaive of Accidental Termination {flame,
                  | Int+4 Dex+7}
  2940 | D:4      | Reached skill level 5 in Dodging
  3016 | D:4      | Noticed a wyvern
  3030 | D:4      | Killed a wyvern
  3031 | D:4      | Reached skill level 7 in Unarmed Combat
  3031 | D:4      | Reached XP level 7. HP: 7/52 MP: 12/15
  3250 | D:4      | Found a sand-covered staircase.
  3255 | Ossuary  | Entered an ossuary
  3607 | D:4      | Reached XP level 8. HP: 43/61 MP: 17/17
  4150 | D:5      | Entered Level 5 of the Dungeon
  4235 | D:5      | Identified the +0 leather armour of Lies {Rampage Int+2}
  4339 | D:5      | Reached * piety under Ashenzari
  4339 | D:5      | Reached ** piety under Ashenzari
  4358 | D:5      | Found a basalt altar of Yredelemnul.
  4595 | D:5      | Found a glowing golden altar of the Shining One.
  4824 | D:5      | Found a hazy altar of Hepliaklqana.
  4827 | D:5      | Found a shadowy altar of Dithmenos.
  4828 | D:5      | Noticed a shadow
  4884 | D:5      | Learned a level 3 spell: Mephitic Cloud
  4913 | D:5      | Reached skill level 5 in Transmutations
  5069 | D:6      | Found a runed translucent gate.
  5069 | D:6      | Found a runed translucent gate.
  5069 | D:6      | Found a runed translucent gate.
  5074 | D:6      | Noticed Taurus's ghost (weakling MiFi)
  5076 | D:6      | Noticed a boulder beetle
  5084 | D:6      | Noticed a wraith
  5223 | D:6      | Identified the cursed +2 cloak "Cursed Flawed Execution"
                  | {Self, Alch} (You found it on level 2 of the Dungeon)
  5366 | D:6      | Reached XP level 9. HP: 58/69 MP: 17/20
  5458 | D:6      | Reached *** piety under Ashenzari
  5535 | D:6      | Found a staircase to the Ecumenical Temple.
  5736 | D:7      | Found a radiant altar of Vehumet.
  5742 | D:7      | Found Egeosack's Jewellery Shoppe.
  5760 | D:7      | Identified the cursed +0 robe "Idealism of Ashenzari"
                  | {Bglg, Alch}
  5872 | D:7      | Found a glowing silver altar of Zin.
  5917 | D:7      | Reached skill level 5 in Fighting
  6558 | D:8      | Found a flagged portal.
  6577 | Bailey   | Entered a bailey
  6621 | Bailey   | Reached skill level 8 in Unarmed Combat
  6633 | Bailey   | Reached skill level 5 in Invocations
  6970 | Bailey   | Found a bloodstained altar of Trog.
  7116 | D:8      | Slain by a wight

Illustrated notes

Levels and vault maps discovered:
D:1:      giann_bridges, layout_basic, minmay_misc_feat_pillars
D:2:      layout_basic, uniq_terence
D:3:      layout_basic, ashenzari_conservatory_becter,
          ebering_ecumenical_altar_webs, st_stairs_9
D:4:      layout_loops_cross, nicolae_ossuary_entry_catacombs, minmay_checkerbox
D:5:      layout_rooms, mainiacjoe_overflow_tiny_flanked, tso_metal_star,
          riverfiend_overflow_shadow_ancestor
D:6:      layout_gridville, minmay_temple_entry_junction, gammafunk_ghost_split
D:7:      layout_basic, mainiacjoe_overflow_six_doors_small, vehumet_statue,
          serial_shops, shop
D:8:      layout_rooms, nicolae_ru_path_of_blood, enter_bailey_4

Skill      XL: |  1  2  3  4  5  6  7  8  9 |
---------------+----------------------------+-----
Spellcasting   | 5 6 7 |  7.1
Short Blades   | 1 2 3 4 |  4.9
Long Blades    | 1 2 3 4 |  4.9
Axes           | 1 2 3 4 |  4.9
Maces & Flails | 1 2 3 4 |  4.9
Polearms       | 1 2 3 4 |  4.9
Staves         | 1 2 3 4 |  4.9
Ranged Weapons | 1 2 3 4 |  4.9
Throwing       | 1 2 3 4 |  4.9
Armour         | 1 2 3 4 |  4.9
Stealth        | 1 2 3 4 |  4.9
Shields        | 1 2 3 4 |  4.9
Invocations    | 1 2 3 4 5 |  5.3
Evocations     | 1 2 3 4 |  4.9
Conjurations   | 1 2 3 4 |  4.0
Hexes          | 1 2 3 4 |  4.0
Summonings     | 1 2 3 4 |  4.0
Necromancy     | 1 2 3 4 |  4.0
Translocations | 1 2 3 4 |  4.0
Fire Magic     | 1 2 3 4 |  4.0
Ice Magic      | 1 2 3 4 |  4.0
Air Magic      | 1 2 3 4 |  4.0
Earth Magic    | 1 2 3 4 |  4.0
Poison Magic   | 1 2 3 4 |  4.0
Fighting       | 3 4 5 |  5.6
Transmutations | 4 5 |  5.6
Dodging        | 5 6 |  6.8
Unarmed Combat | 7 8 |  8.2

Action                   |  1- 3 |  4- 6 |  7- 9 || total
-------------------------+-------+-------+-------++-------
Melee: Dagger            |    97 |     4 |       ||   101
       Headbutt          |    12 |       |       ||    12
       Kick              |    17 |       |       ||    17
       Unarmed           |     9 |    98 |   358 ||   465
       Bite              |     1 |     1 |     5 ||     7
       Punch             |     2 |       |       ||     2
       Mace              |       |    19 |       ||    19
       Glaive            |       |     4 |    47 ||    51
Throw: Stone             |       |       |     1 ||     1
 Cast: Beastly Appendage |    22 |     2 |       ||    24
       Wereblood         |     1 |       |     7 ||     8
       Spider Form       |     2 |    19 |    34 ||    55
       Mephitic Cloud    |       |       |     1 ||     1
Invok: Curse Item        |       |       |     4 ||     4
  Use: Scroll            |       |       |     7 ||     7
       Potion            |       |       |     2 ||     2
 Stab: Sleeping          |     2 |     3 |    12 ||    17
Armor: Robe              |    18 |     7 |    11 ||    36
       Skin              |       |     1 |    14 ||    15
Dodge: Dodged            |    72 |    98 |   332 ||   502

Table legend: (Time is in decaauts)
 A = Elapsed time spent in this place.
 B = Non-inter-level travel time spent in this place.
 C = Inter-level travel time spent in this place.
 D = Time resting spent in this place.
 E = Time spent auto-exploring this place.
 F = Levels seen in this place.
 G = Mean time per level.
                   A        B        C        D        E       F      G
               +--------+--------+--------+--------+--------+-----+--------+
         Total |   7088 |   6964 |    124 |    459 |   4558 |  10 |  708.8 |
       Dungeon |   6265 |   6141 |    124 |    139 |   4479 |   8 |  783.1 |
       Ossuary |    317 |    317 |      0 |     60 |      0 |   1 |  317.0 |
        Bailey |    505 |    505 |      0 |    260 |     79 |   1 |  505.0 |
               +--------+--------+--------+--------+--------+-----+--------+

Top non-repeatable levels by time:
     D:3: 1330 daAuts
     D:4: 957 daAuts
     D:1: 900 daAuts
     D:7: 855 daAuts
     D:5: 843 daAuts
     D:6: 662 daAuts
     D:2: 642 daAuts
  Bailey: 505 daAuts
 Ossuary: 317 daAuts
     D:8: 75 daAuts
